 Dungeon Crawl Stone Soup version 0.29.1-15-g9cfb28693d (webtiles) character file.

Game seed: 5160016986447008532

77203 MacCMillion the Alchemist (level 15, -2/108 HPs)
             Began as a Felid Summoner on Mar 13, 2023.
             Was an Initiate of Gozag.
             Slain by a tengu warrior (4 damage)
             ... on level 15 of the Dungeon.
             The game lasted 01:48:17 (35599 turns).

MacCMillion the Alchemist (Felid Summoner)         Turns: 35599, Time: 01:48:17

Health: -2/108     AC: 16    Str: 14    XL:     15   Next: 14%
Magic:  25/39      EV: 16    Int: 29    God:    Gozag
Gold:   346        SH:  0    Dex: 18    Spells: 1/34 levels left
                                        Lives:  0   Deaths: 4

rFire   + + .      SeeInvis +   (weapon unavailable)
rCold   x . .      Faith    .   (shield unavailable)
rNeg    . . .      Spirit   .   (body armour unavailable)
rPois   +          Reflect  .   (helmet unavailable)
rElec   .          Harm     .   (cloak unavailable)
rCorr   .          Rampage  .   (gloves unavailable)
Will    ++...                   (boots unavailable)
Stlth   ++........              D - amulet of magic regeneration
HPRegen 0.28/turn               J - +6 ring of intelligence
MPRegen 0.66/turn               y - ring of magical power

@: dragon-form, flying
A: dragon claw, dragon scales, breathe fire, flying, boosted hp, giant, (claws
1), (fangs 3), see invisible, (speed 1), (shaggy fur 3), (stealthy paws), no
weapons or thrown items, no armour, multi-lived
a: Breathe Fire, End Transformation, Renounce Religion, Potion Petition, Call
Merchant, Bribe Branch


You were on level 15 of the Dungeon.
You worshipped Gozag.
Gozag was aware of your devotion.
You were a fearsome dragon!
You visited 3 branches of the dungeon, and saw 22 of its levels.
You also visited: Bailey.

You collected 8750 gold pieces.
You spent 2790 gold pieces at shops.
You paid 5614 gold pieces to Gozag.

Inventory:

Jewellery
 i - an amulet of reflection
 j - a +4 ring of evasion
 k - a +4 ring of evasion
 m - a ring of willpower
 o - a ring of resist corrosion
 t - a ring of willpower
 u - a ring of fire
 y - a ring of magical power (right foreclaw)
 D - an amulet of magic regeneration (around neck)
 J - a +6 ring of intelligence (left foreclaw)
 O - a +4 ring of evasion
 P - a ring of magical power
 Q - an amulet of the acrobat
 V - a ring of flight
Wands
 b - a wand of roots (12)
 r - a wand of flame (22)
 v - a wand of digging (6)
 E - a wand of mindburst (7)
 K - a wand of paralysis (7)
 W - a wand of acid (3)
Scrolls
 e - 12 scrolls of teleportation
 g - 3 scrolls of silence
 h - 2 scrolls of vulnerability
 n - 2 scrolls of enchant weapon
 p - 3 scrolls of poison
 s - 5 scrolls of blinking
 w - 4 scrolls of amnesia
 F - 4 scrolls of immolation
 G - 2 scrolls of magic mapping
 H - 3 scrolls of fog
 I - 3 scrolls of identify
 L - 3 scrolls of enchant armour
 N - 2 scrolls of summoning
 R - 2 scrolls of noise
 T - 2 scrolls of torment {unknown}
Potions
 a - 3 potions of magic
 c - 4 potions of haste
 d - 7 potions of attraction
 f - 6 potions of heal wounds
 l - a potion of might
 q - 2 potions of mutation
 x - 4 potions of invisibility
 z - 2 potions of resistance
 A - 3 potions of brilliance
 C - 9 potions of curing
 S - a potion of cancellation {unknown}
 U - 2 potions of ambrosia {unknown}
Miscellaneous
 M - a box of beasts


   Skills:
 - Level 12.3 Fighting
 - Level 15.9 Dodging
 - Level 2.6 Stealth
 - Level 10.0 Spellcasting
 - Level 5.0 Hexes
 - Level 13.0 Summonings
 * Level 8.0 Translocations
 - Level 16.0 Transmutations
 - Level 3.0 Ice Magic
 - Level 7.0 Air Magic


You had one spell level left.
You knew the following spells:

 Your Spells              Type           Power      Damage    Failure   Level
a - Summon Small Mammal   Summ           100%       N/A       1%          1
b - Call Canine Familiar  Summ           74%        N/A       1%          3
c - Summon Guardian Gole  Hex/Summ       61%        N/A       1%          3
d - Summon Lightning Spi  Summ/Air       64%        N/A       1%          4
e - Summon Ice Beast      Ice/Summ       57%        N/A       1%          4
f - Dragon Form           Tmut           41%        N/A       4%          7
g - Summon Cactus Giant   Summ           37%        N/A       2%          6
h - Summon Forest         Summ/Tloc      33%        N/A       1%          5

Your spell library contained the following spells:

 Spells                   Type           Power      Damage    Failure   Level
 Foxfire                  Conj/Fire      56%        2x1d6     3%          1
 Sandblast                Erth           28%        2d8       3%          1
 Call Imp                 Summ           74%        N/A       1%          2
 Passwall                 Tmut/Erth      47%        N/A       1%          2
 Ignite Poison            Fire/Tmut/Pois 45%        N/A       1%          3
 Ice Form                 Ice/Tmut       62%        N/A       1%          4
 Petrify                  Tmut/Erth      57%        N/A       1%          4
 Frozen Ramparts          Ice            62%        1d10      3%          3
 Ozocubu's Armour         Ice            31%        N/A       3%          3
 Inner Flame              Hex/Fire       29%        N/A       4%          3
 Cause Fear               Hex            21%        N/A       4%          4
 Scorch                   Fire           28%        2d6       5%          2
 Conjure Flame            Conj/Fire      14%        6-21      11%         3
 Stone Arrow              Conj/Erth      28%        3d8       11%         3
 Summon Hydra             Summ           37%        N/A       16%         7
 Freezing Cloud           Conj/Ice/Air   16%        6-21      26%         5
 Flame Wave               Conj/Fire      14%        2d6       36%         4
 Sticky Flame             Conj/Fire      14%        2d4       36%         4
 Fireball                 Conj/Fire      7%         3d5       71%         5
 Iskenderun's Battlesphe  Conj           14%        2d7       71%         5
 Conjure Ball Lightning   Conj/Air       17%        3x3d6     80%         6
 Orb of Destruction       Conj           7%         9d6       100%        7
 Discord                  Hex            21%        N/A       100%        8


Dungeon Overview and Level Annotations

Branches:
Dungeon (15/15)            Temple (0/1) D:7            Lair (5/5) D:10
 Shoals (0/4) Lair:2       Spider (0/4) Lair:2        Slime (0/5) Lair:5
    Orc (2/2) D:11            Elf (0/3) Orc:2        Vaults (0/5) D:13
 Depths (0/4) D:15         Bailey (visited)

Altars:
Ashenzari
Cheibriados
Elyvilon
Gozag
Kikubaaqudgha
Nemelex Xobeh
Okawaru
Sif Muna
Uskayaw
Vehumet
Wu Jian
Xom
Yredelemnul
Jiyva

Shops:
D:3 =   D:8 ([=([   D:11 ?:!   D:13 *   Orc:2 *=[[   Lair:2 :?

Annotations:
D:2 1 runed translucent door, 1 exclusion, Crazy Yiuf, Sigmund
D:3 Grinder
D:9 2 transporters
D:10 3 runed translucent doors, Tomstefer's ghost, novice DsBe
D:13 exclusion: upstairs
Lair:4 exclusion: ice statue


Innate Abilities, Weirdness & Mutations

You are a fearsome dragon!
You have a powerful clawing attack.
Your giant scaled body is strong and resiliant, but less evasive.
You can breathe fire.
You are flying.
Your maximum health is greatly increased.
((You have sharp claws.))
((You have razor-sharp teeth.))
You have supernaturally acute eyesight. (SInv)
((You cover ground quickly. (Speed+)))
((Your thick and shaggy fur keeps you warm. (AC +3, rC+)))
((Your paws help you pounce on unaware monsters.))
You are incapable of wielding weapons or throwing items.
You cannot wear armour.
You gain extra lives every three experience levels.


Message History

You hear a shout!
There is an open door, spattered with blood here.
Casting: Dragon Form (dangerous; 4% risk of failure)
Confirm with . or Enter, or press ? or * to list all spells.
The stone giant is struck by your cactus giant's spines.
The stone giant hits your cactus giant!!
Something hits your cactus giant!
Your cactus giant hits the stone giant with a +0 giant spiked club!
The stone giant is struck by your cactus giant's spines.
The stone giant hits your cactus giant!!!
Casting: Summon Cactus Giant (dangerous; 2% risk of failure)
Confirm with . or Enter, or press ? or * to list all spells.
A chill wind blows around you.
The stone giant throws a large rock.
The large rock hits your cactus giant!!!
Your cactus giant is destroyed!
Your cactus giant disappears in a puff of smoke!
Casting: Summon Ice Beast (mildly dangerous; 1% risk of failure)
Confirm with . or Enter, or press ? or * to list all spells.
A tengu warrior comes into view. It is wielding a +0 longbow.
Your ice beast hits the stone giant but does no damage.
The tengu warrior unwields a +0 longbow.
The tengu warrior hits you but does no damage.
The tengu warrior pecks you but does no damage.
The tengu warrior claws you but does no damage.
The stone giant throws a large rock.
The large rock hits you!!
* * * LOW HITPOINT WARNING * * *
Your ice beast hits the stone giant but does no damage.
You swap places.
The tengu warrior hits you.
* * * LOW HITPOINT WARNING * * *
The tengu warrior pecks you but does no damage.
The tengu warrior claws you but does no damage.
Your cactus giant hits the stone giant with a +0 giant spiked club!
You closely miss the tengu warrior.
Your tail-slap misses the tengu warrior.
You claw the tengu warrior.
The tengu warrior is lightly wounded.
The stone giant is struck by your cactus giant's spines.
The stone giant hits your cactus giant! The tengu warrior hits you.
You die...
Your body crumbles into a pile of gold.

.....###.#...............#.......
.........#################.......
...........# ......≈≈#..........
####...#...#+###≈≈≈#.≈##.........
####...#...#...#......##.........
...........#.>.#..≈##.'..........
........##'#...#......####.......
....###.#..#'###Q≈≈#.≈#..#.......
....# #.#..#)YCCD...≈≈#..#.......
....# #.#..############..#.......
.#..# #.#### #...##...#..###..
.#..###.#########...##...#.......
........#................#.......
...######...............§'.......
...# #................#.####..
...# #................#.####..
...# #####..###########.......


You could see a stone giant (ally target), a tengu warrior, a friendly cactus
giant (summoned) and a friendly ice beast (summoned).

Vanquished Creatures
  An ironbound preserver (D:13)
  An ettin (D:13)
  2 hydras
  A boulder beetle (D:13)
  3 centaur warriors
  4 death yaks
  2 tengu warriors (D:15)
  An orc high priest (Orc:2)
  2 skeletal warriors (D:14)
  Nergalle (D:12)
  3 orc knights (Orc:2)
  2 cyclopes (D:14)
  2 ugly things
  An orc sorcerer (Orc:2)
  2 manticores
  2 elephants (Lair:5)
  A black mamba (Lair:5)
  A gargoyle (D:13)
  A kobold demonologist (D:12)
  3 trolls
  4 raiju (Lair:5)
  Prince Ribbit (Lair:3)
  A meliai (shapeshifter) (D:12)
  A polar bear (Lair:5)
  A blink frog (Lair:3)
  A dream sheep (shapeshifter) (D:13)
  3 slime creatures (D:13)
  A centaur simulacrum (D:12)
  A human (shapeshifter) (D:14)
  A vampire (D:11)
  2 vampire mosquitoes (D:13)
  A warg (Orc:2)
  7 hell hounds (Lair:5)
  14 orc warriors
  4 black bears (Lair:5)
  5 ogres
  4 wolves (Lair:5)
  7 centaurs
  A howler monkey (D:13)
  7 orc priests
  An orc wizard (D:9)
  An ogre zombie (D:12)
  A gnoll (Orc:2)
  15 orcs
  A bat (D:1)
  A goblin (D:2)
  A kobold (D:6)
124 creatures vanquished.

Vanquished Creatures (collateral kills)
  Jorgrun (D:14)
  Rupert (Lair:4)
  Kirke (Lair:3)
  A storm dragon (D:13)
  A fire giant (D:13)
  2 orc warlords (Orc:2)
  An ettin (Orc:1)
  5 boulder beetles
  Fannar (D:11)
  A catoblepas (Lair:5)
  5 two-headed ogres (Orc:2)
  4 hydras (Lair:5)
  5 death yaks
  A deep troll earth mage (D:13)
  3 orc high priests (Orc:2)
  Sonja (Lair:5)
  2 skeletal warriors (D:14)
  2 deep elf pyromancers
  A deep elf zephyrmancer (Bailey)
  An ugly thing (D:14)
  3 orc sorcerers (Orc:2)
  2 cyclopes
  2 manticores (D:13)
  5 elephants
  A black mamba (Lair:2)
  A torpor snail (Lair:3)
  4 gargoyles
  4 rime drakes
  11 cane toads
  A cane toad (shapeshifter) (D:13)
  5 komodo dragons
  3 freezing wraiths
  An ice devil (Lair:4)
  A merfolk (D:10)
  5 trolls
  5 polar bears
  A slime creature (D:13)
  8 blink frogs
  A jumping spider (Lair:2)
  A spriggan (D:10)
  5 wraiths
  A shadow (D:11)
  A wyvern (Lair:3)
  A human (D:10)
  4 hogs (Lair:3)
  A steam dragon (D:10)
  22 yaks
  3 basilisks
  A vampire mosquito (D:13)
  A redback (Lair:2)
  8 wargs
  7 water moccasins
  6 hell hounds (Lair:5)
  26 orc warriors
  An ice beast (D:8)
  7 ogres
  5 sky beasts
  8 black bears
  14 wolves
  2 centaurs
  3 kobold brigands
  4 phantoms
  10 bullfrogs
  A two-headed ogre simulacrum (Lair:4)
  A necrophage (D:6)
  A scorpion (D:4)
  3 wights (D:7)
  2 troll zombies (D:11)
  5 killer bees (D:8)
  14 howler monkeys
  A crimson imp (D:10)
  2 jellies
  4 hounds
  17 orc priests
  A gnoll bouda (D:7)
  Jessica (D:2)
  19 orc wizards
  An iguana (D:5)
  5 hell rats (Lair:2)
  2 spriggan simulacra (Lair:4)
  5 ogre zombies (D:11)
  15 gnolls
  7 adders
  A shadow imp (D:6)
  2 white imps
  2 ufetubi
  2 dart slugs
  74 orcs
  7 bats
  4 endoplasms
  5 giant cockroaches
  8 goblins
  8 hobgoblins
  7 jackals
  3 quokkas
  13 ball pythons
  2 frilled lizards
  2 goblin skeletons (D:11)
  4 hobgoblin zombies (D:11)
  25 kobolds
  5 orc skeletons (D:11)
  14 orc zombies (D:11)
  7 rats
548 creatures vanquished.

Vanquished Creatures (others)
  Josephine (Lair:3)
  2 hydras (D:13)
  2 two-headed ogres
  A death yak (Lair:5)
  An orc knight (Bailey)
  A bog body (Lair:4)
  3 ugly things (D:14)
  4 elephants (Lair:3)
  A cane toad (Lair:3)
  A hornet (D:9)
  5 polar bears
  3 blink frogs
  11 yaks
  A steam dragon (D:6)
  A human (Lair:3)
  A death yak simulacrum (Lair:4)
  3 water moccasins
  8 orc warriors
  A black bear (Lair:5)
  3 ogres
  3 wolves
  Blork the orc (D:4)
  A gnoll sergeant (D:9)
  A cane toad simulacrum (Lair:4)
  A killer bee (D:8)
  Terence (D:3)
  An orc wizard (Orc:2)
  A troll simulacrum (Lair:4)
  4 orcs
  An endoplasm (D:3)
  32 fungi
  48 plants
149 creatures vanquished.

Grand Total: 821 creatures vanquished

Notes
Turn   | Place    | Note
-------+----------+-------------------------------------------
     0 | D:1      | MacCMillion the Felid Summoner began the quest for the Orb.
     0 | D:1      | Reached XP level 1. HP: 7/7 MP: 4/4
   515 | D:1      | Reached XP level 2. HP: 11/11 MP: 3/6
  1022 | D:1      | Found a faded altar of an unknown god.
  1022 | D:1      | Noticed a Hell Sentinel
  1431 | D:1      | Reached XP level 3. HP: 14/14 MP: 5/8
  1435 | D:1      | Learned a level 3 spell: Call Canine Familiar
  2161 | D:2      | Reached skill level 5 in Summonings
  2161 | D:2      | Reached XP level 4. HP: 18/18 MP: 5/9
  2165 | D:2      | Learned a level 3 spell: Summon Guardian Golem
  2430 | D:2      | Noticed Sigmund
  2687 | D:2      | Noticed Jessica
  2697 | D:2      | Killed Jessica
  2698 | D:2      | Reached skill level 1 in Hexes
  3267 | D:2      | Found a runed translucent door.
  3268 | D:2      | Noticed Crazy Yiuf
  3460 | D:3      | Reached XP level 5. HP: 16/21 MP: 6/10
  3593 | D:3      | Noticed Terence
  3620 | D:3      | Killed Terence
  3803 | D:3      | Found Ofidwuhu's Jewellery Shoppe.
  4048 | D:3      | Found an ornate altar of the Wu Jian Council.
  4062 | D:3      | Reached skill level 1 in Fighting
  4159 | D:3      | Noticed Grinder
  4672 | D:4      | Noticed Blork the orc
  4690 | D:4      | Killed Blork the orc
  4691 | D:4      | Gained mutation: You are covered in thick fur. (AC +2)
                  | [Felid growth]
  4691 | D:4      | Reached XP level 6. HP: 16/25 MP: 6/12
  5042 | D:4      | Noticed a sky beast
  5074 | D:4      | Killed a sky beast
  5321 | D:4      | Reached XP level 7. HP: 30/30 MP: 8/13
  5376 | D:4      | Learned a level 4 spell: Summon Lightning Spire
  5390 | D:5      | Entered Level 5 of the Dungeon
  5617 | D:5      | Found an opulent altar of Gozag.
  5644 | D:5      | Became a worshipper of Gozag Ym Sagoz the Greedy
  5769 | D:5      | Found a shimmering blue altar of Sif Muna.
  5974 | D:5      | Found a hide-covered altar of Uskayaw.
  5980 | D:5      | Found a white marble altar of Elyvilon.
  5983 | D:5      | Found a snail-covered altar of Cheibriados.
  5983 | D:5      | Found a radiant altar of Vehumet.
  5990 | D:5      | Found a sparkling altar of Nemelex Xobeh.
  6604 | D:6      | Noticed a steam dragon
  6841 | D:6      | Reached skill level 1 in Air Magic
  7591 | D:6      | Reached skill level 5 in Dodging
  7708 | D:6      | Reached skill level 5 in Hexes
  7708 | D:6      | Reached XP level 8. HP: 34/34 MP: 5/15
 10241 | D:7      | Reached skill level 5 in Spellcasting
 10325 | D:7      | Found a shimmering altar of Xom.
 10437 | D:7      | Found a flagged portal.
 10472 | Bailey   | Entered a bailey
 10610 | Bailey   | Reached XP level 9. HP: 39/39 MP: 9/17
 10714 | Bailey   | Noticed an orc knight
 10723 | Bailey   | Killed an orc knight
 10724 | Bailey   | Reached skill level 5 in Air Magic
 11072 | Bailey   | Slain by an orc warrior
 11073 | Bailey   | Reached XP level 8. HP: 0/36 MP: 1/16
 11073 | Bailey   | Found a large runed translucent door.
 11073 | Bailey   | Found a large runed translucent door.
 11078 | Bailey   | Noticed a deep elf zephyrmancer
 11436 | Bailey   | Killed a deep elf zephyrmancer
 11437 | Bailey   | Reached XP level 9. HP: 39/39 MP: 11/17
 12050 | D:7      | Found a staircase to the Ecumenical Temple.
 12617 | D:8      | Noticed a two-headed ogre
 12625 | D:8      | Killed a two-headed ogre
 12675 | D:8      | Found Beedod's Armour Boutique.
 12757 | D:8      | Reached XP level 10. HP: 39/43 MP: 9/19
 12890 | D:8      | Found Biant's Weapon Shoppe.
 12933 | D:8      | Found a broken altar of Ashenzari.
 13021 | D:8      | Noticed a gargoyle
 13043 | D:8      | Killed a gargoyle
 13044 | D:8      | Reached skill level 5 in Fighting
 13044 | D:8      | Reached skill level 10 in Summonings
 13161 | D:8      | Found Zuon's Jewellery Shop.
 13173 | D:8      | Bought an amulet of magic regeneration for 450 gold pieces
 13205 | D:8      | Found Heatsoora's Weapon Emporium.
 13286 | D:8      | Found Fouckuy's Antique Armour Emporium.
 13728 | D:9      | Found a transporter.
 13763 | D:9      | You fall into a shaft and drop 2 floors!
 13766 | D:11     | Identified a scroll of acquirement
 13768 | D:11     | Acquired 782 gold pieces
 14027 | D:11     | Found a staircase to the Orcish Mines.
 14678 | D:10     | Entered Level 10 of the Dungeon
 14743 | D:10     | Found a runed translucent gate.
 14743 | D:10     | Found a runed translucent gate.
 14743 | D:10     | Found a runed translucent gate.
 14744 | D:10     | Found an opulent altar of Gozag.
 14744 | D:10     | Noticed Tomstefer's ghost (novice DsBe)
 14744 | D:10     | Noticed a purple ugly thing
 14744 | D:10     | Noticed a cane toad
 14781 | D:10     | Noticed a harpy
 14959 | D:10     | Found a staircase to the Lair.
 15193 | D:9      | Found a transporter.
 15198 | D:9      | Found a basalt altar of Yredelemnul.
 15200 | D:9      | Noticed a death knight
 15202 | D:9      | Found an ancient bone altar of Kikubaaqudgha.
 16032 | D:10     | Noticed a deep elf pyromancer
 16312 | D:10     | Killed a deep elf pyromancer
 16368 | D:10     | Reached XP level 11. HP: 49/49 MP: 22/22
 16438 | D:10     | Noticed a radroach
 16779 | Lair:1   | Entered Level 1 of the Lair of Beasts
 16935 | Lair:1   | Noticed a boulder beetle
 17136 | Lair:1   | Killed a boulder beetle
 17404 | Lair:1   | Reached skill level 10 in Dodging
 18708 | Lair:2   | Noticed a boulder beetle
 18801 | Lair:2   | Found a hole to the Spider Nest.
 18948 | Lair:2   | Found a staircase to the Shoals.
 19144 | Lair:2   | Got the Codex of Scorched Changing
 19223 | Lair:2   | Killed a boulder beetle
 19964 | Lair:2   | Learned a level 4 spell: Summon Ice Beast
 19987 | Lair:3   | Noticed Kirke
 20040 | Lair:3   | Noticed a death yak
 20041 | Lair:3   | Noticed a death yak
 20042 | Lair:3   | Noticed a death yak
 20049 | Lair:3   | Noticed a death yak
 20049 | Lair:3   | Noticed a death yak
 20050 | Lair:3   | Noticed Prince Ribbit
 20053 | Lair:3   | Noticed a death yak
 20056 | Lair:3   | Reached skill level 1 in Ice Magic
 20061 | Lair:3   | Killed a death yak
 20062 | Lair:3   | Gained mutation: Your thick and shaggy fur keeps you warm.
                  | (AC +3, rC+) [Felid growth]
 20062 | Lair:3   | Reached XP level 12. HP: 56/56 MP: 21/25
 20062 | Lair:3   | Killed Prince Ribbit
 20068 | Lair:3   | Killed a death yak
 20069 | Lair:3   | Reached skill level 2 in Transmutations
 20071 | Lair:3   | Killed a death yak
 20072 | Lair:3   | Reached skill level 3 in Transmutations
 20072 | Lair:3   | Noticed Josephine
 20073 | Lair:3   | Killed a death yak
 20074 | Lair:3   | Reached skill level 4 in Transmutations
 20076 | Lair:3   | Killed a death yak
 20077 | Lair:3   | Reached skill level 5 in Transmutations
 20079 | Lair:3   | Killed a death yak
 20080 | Lair:3   | Reached skill level 6 in Transmutations
 20080 | Lair:3   | Killed Josephine
 20081 | Lair:3   | Reached skill level 7 in Transmutations
 20608 | Lair:3   | Learned a level 7 spell: Dragon Form
 20755 | Lair:3   | Reached skill level 8 in Transmutations
 20768 | Lair:3   | Reached skill level 9 in Transmutations
 20781 | Lair:3   | Killed Kirke
 20790 | Lair:3   | Reached skill level 10 in Transmutations
 21141 | Lair:4   | Reached XP level 13. HP: 59/59 MP: 25/26
 21148 | Lair:4   | Reached skill level 11 in Transmutations
 21704 | Lair:4   | Noticed Rupert
 21727 | Lair:4   | Killed Rupert
 21728 | Lair:4   | Reached skill level 12 in Transmutations
 21843 | Lair:4   | You fall into a shaft and drop 1 floor!
 21843 | Lair:5   | Entered Level 5 of the Lair of Beasts
 21988 | Lair:5   | Reached skill level 13 in Transmutations
 22569 | Lair:5   | Reached skill level 14 in Transmutations
 22581 | Lair:5   | Noticed Sonja
 22582 | Lair:5   | Killed Sonja
 22594 | Lair:5   | Found a viscous altar of Jiyva.
 22594 | Lair:5   | Found a staircase to the Slime Pits.
 22667 | Lair:5   | Reached skill level 15 in Transmutations
 23146 | Lair:5   | Identified the +12 sling of Pestilence {freeze, rN+ rCorr
                  | Str+2 SInv}
 23194 | Lair:5   | Reached XP level 14. HP: 63/63 MP: 24/27
 23236 | Lair:5   | Reached skill level 16 in Transmutations
 23246 | Lair:5   | Got the Compilation of the Allied Quarry
 23806 | Lair:5   | Mangled by a polar bear
 23807 | Lair:5   | Reached XP level 13. HP: -9/88 MP: 24/35
 24722 | D:11     | Noticed Fannar
 24991 | D:11     | Killed Fannar
 25777 | Orc:1    | Entered Level 1 of the Orcish Mines
 26213 | Orc:1    | Noticed an ettin
 26223 | Orc:1    | Killed an ettin
 26343 | Orc:2    | Entered Level 2 of the Orcish Mines
 27481 | Orc:2    | Found Bockum's Armour Boutique.
 27567 | Orc:2    | Found Esuhuy's Armour Shop.
 27669 | Orc:2    | Reached skill level 10 in Fighting
 28146 | Orc:2    | Reached skill level 10 in Spellcasting
 28582 | Orc:2    | Noticed an orc warlord
 28596 | Orc:2    | Killed an orc warlord
 28597 | Orc:2    | Reached XP level 14. HP: 66/66 MP: 29/29
 28978 | Orc:2    | Found Ettytoit's Jewellery Shoppe.
 29063 | Orc:2    | Found Rolletel's Assorted Antiques.
 29359 | Orc:2    | Found a staircase to the Elven Halls.
 29451 | Orc:2    | Paralysed by an orc sorcerer for 4 turns
 29612 | Orc:2    | Noticed an orc warlord
 29656 | Orc:2    | Killed an orc warlord
 30008 | D:11     | Bought a book of Scorching for 540 gold pieces
 30016 | D:11     | Learned a level 6 spell: Summon Cactus Giant
 30107 | D:12     | Noticed Nergalle
 30113 | D:12     | Killed Nergalle
 30370 | D:12     | Found the +4 robe of Folly {Brilliance Will-∞ Int+8}
 30444 | D:12     | Identified the +0 leather armour "Gacufyah" {rPois}
 31096 | D:13     | Noticed an ironbound preserver
 31097 | D:13     | Found a gate to the Vaults.
 31204 | D:13     | Killed an ironbound preserver
 31754 | D:13     | Found Aryaraic's Assorted Antiques.
 31780 | D:13     | Identified the +5 ring mail of Botunyg {Str+2 Dex+4}
 31790 | D:13     | Found an iron altar of Okawaru.
 31972 | D:13     | Identified the +6 rapier of Jasacah {chaos, rPois rF- Str+3
                  | Dex+10}
 32157 | D:14     | Noticed Jorgrun
 32173 | D:14     | Killed Jorgrun
 33346 | D:15     | Entered Level 15 of the Dungeon
 33795 | D:15     | Reached skill level 15 in Dodging
 33795 | D:15     | Reached XP level 15. HP: 71/71 MP: 30/30
 33943 | D:12     | Noticed a storm dragon
 33943 | D:12     | Noticed a storm dragon
 33943 | D:12     | Noticed a fire giant
 33943 | D:12     | Noticed a fire giant
 34197 | D:13     | Slain by a deep troll earth mage
 34198 | D:13     | Reached XP level 14. HP: -1/100 MP: 34/38
 34393 | D:11     | Bought a potion of experience for 900 gold pieces
 34393 | D:11     | Reached XP level 15. HP: 72/72 MP: 30/30
 34426 | D:11     | Bought the Handbook of the Polar Comitatus for 900 gold
                  | pieces
 34432 | D:11     | Learned a level 5 spell: Summon Forest
 34566 | D:13     | HP: 4/108 [storm dragon (6)]
 34568 | D:13     | Killed from afar by a fire giant
 34569 | D:13     | Reached XP level 14. HP: -13/103 MP: 28/38
 34594 | D:13     | Killed a fire giant
 34606 | D:13     | Killed a storm dragon
 34607 | D:13     | Reached skill level 5 in Translocations
 35067 | D:13     | Reached XP level 15. HP: 72/72 MP: 30/30
 35588 | D:15     | Found a staircase to the Depths.
 35597 | D:15     | HP: 5/108 [stone giant/large rock (19)]
 35598 | D:15     | HP: 2/108 [tengu warrior (4)]
 35599 | D:15     | Slain by a tengu warrior

Illustrated notes

Levels and vault maps discovered:
D:1:      lightli_arrival_isolated_outpost, layout_basic,
          dreamdust_ecumenical_altar_sealed_demon, minivault_19
D:2:      layout_loops_ring, uniq_sigmund, uniq_crazy_yiuf_cottage, uniq_jessica
D:3:      layout_rooms, lemuel_tele_altar, serial_shops, shop, uniq_grinder,
          uniq_terence
D:4:      layout_rooms, uniq_blork_the_orc
D:5:      layout_loops_ring, grunt_gozag_statues, mainiacjoe_overflow_brackets,
          nicolae_overflow_hallway_of_the_gods
D:6:      layout_basic
D:7:      layout_basic, general_overflow_altar, lemuel_temple_firewalk_b,
          enter_bailey_7
D:8:      layout_loops_ring, ashenzari_conservatory_becter, serial_shops, shop,
          kennysheep_little_box, shop, nicolae_shop_statue_plus,
          nicolae_shop_temple_entry_statues_fountains
D:9:      layout_roguey, gammafunk_temple_of_torment
D:10:     layout_gridville, erik_lair_orcish_takeover, ebering_ghost_gozag,
          hangedman_stone_soup
D:11:     layout_roguey, zombieorc2_lemuel, serial_corexii_hall,
          corexii_hall_statues_x, chequers_hall_statues_corner_a,
          chequers_hall_statues_y, chequers_hall_statues_wall_a,
          grunt_ogre_cave, uniq_fannar
D:12:     minmay_connected_triangles_in_corner, layout_irregular_city,
          minmay_diamond_spiral, uniq_nergalle
D:13:     layout_cave_pools, skrybe_vaults_entry_preservation, serial_shops,
          nicolae_shop_overgrown_old_shop, serial_rivers,
          chequers_serial_rivers_small_b, chequers_serial_rivers_small_b,
          chequers_serial_rivers_marsh, chequers_serial_rivers_room_a,
          kennysheep_nub, okawaru_ov_weapons_minmay
D:14:     layout_irregular_city, chequers_serial_rivers_small_a, uniq_jorgrun
D:15:     grunt_enter_depths_snipers, layout_stronghold, minivault_24
Lair:1:   layout_cave_pods, nicolae_quartered_pool_impasse
Lair:2:   layout_gridlike, elwin_shoals_entry_rooms, spider_nest_entry_a,
          grunt_megastairs_4, lemuel_fruit_tree
Lair:3:   layout_big_grid, uniq_josephine, uniq_kirke, uniq_prince_ribbit2
Lair:4:   dreamdust_isle_of_ice, layout_big_grid, uniq_rupert
Lair:5:   hangedman_lair_caniforms_friends, layout_regular_city, slime_entry_1,
          grunt_megastairs_3, infiniplex_staircase_pool_2, uniq_sonja
Orc:1:    layout_caves, serial_shops, nicolae_shop_advertising_works
          [nicolae_subvault_shop_adworks], nicolae_orc_damp_corner
Orc:2:    pubby_orc_utopia

Skill      XL: |  1  2  3  4  5  6  7  8  9 10 11 12 13 14 15 |
---------------+----------------------------------------------+-----
Spellcasting   | 3 4 5 7 8 10 | 10.0
Summonings     | 5 6 9 8 10 13 | 13.0
Hexes          | 1 3 5 |  5.0
Dodging        | 3 4 5 6 7 9 11 13 15 | 15.9
Fighting       | 1 2 3 4 6 8 10 12 | 12.3
Air Magic      | 2 6 7 |  7.0
Ice Magic      | 2 3 |  3.0
Transmutations | 10 15 16 | 16.0
Translocations | 7 8 |  8.0
Stealth        | |  2.6

Action                   |  1- 3 |  4- 6 |  7- 9 | 10-12 | 13-15 || total
-------------------------+-------+-------+-------+-------+-------++-------
Melee: Unarmed           |     7 |     1 |     2 |    26 |   260 ||   296
       Bite              |       |       |     1 |       |    39 ||    40
       Punch             |       |       |       |     2 |     7 ||     9
       Tailslap          |       |       |       |       |    43 ||    43
 Cast: Summon Small Mamm |    47 |     7 |     9 |       |     2 ||    65
       Call Canine Famil |     5 |    31 |    70 |    63 |    97 ||   266
       Summon Guardian G |       |     4 |    32 |    29 |    63 ||   128
       Summon Lightning  |       |       |    13 |    78 |   120 ||   211
       Summon Ice Beast  |       |       |       |     7 |    97 ||   104
       Dragon Form       |       |       |       |       |    79 ||    79
       Summon Cactus Gia |       |       |       |       |     6 ||     6
       Summon Forest     |       |       |       |       |     2 ||     2
Invok: Call Merchant     |       |       |       |     2 |     3 ||     5
       Potion Petition   |       |       |       |       |     1 ||     1
 Abil: Breathe Fire      |       |       |       |       |     8 ||     8
       End Transformatio |       |       |       |       |     1 ||     1
  Use: Scroll            |       |       |     9 |    15 |     9 ||    33
       Potion            |       |       |     1 |     2 |     4 ||     7
 Stab: Distracted        |       |       |       |       |     8 ||     8
       Sleeping          |       |       |       |       |     2 ||     2
Armor: Skin              |     2 |       |       |    33 |   181 ||   216
Dodge: Dodged            |    23 |    21 |    69 |    75 |   314 ||   502
Block: Other             |       |     5 |    14 |       |       ||    19
       Reflection        |       |     3 |     2 |       |       ||     5
